Match 42432415
Unlisted

Match 42432415
End
Construct Weapon Support Center
Selects Airborne Battlegroup
Selects Pathfinders
Pathfinder Squad
Engineer Squad
Bazooka Squad
Sniper
Selects Paratrooper Squad Paradrop
Bazooka Squad
Paratrooper Squad Paradrop
Construct Medical Station
Infantry Support Center
Construct Motor Pool
M24 Chaffee Light Tank
Paratrooper Squad Paradrop
Bazooka Squad
Selects Recon Loiter
Selects Supply Drop
Selects Dual P-47 Rocket Strike
Construct Tank Depot
Recon Loiter
Recon Loiter
Dual P-47 Rocket Strike
M4A1 Sherman Medium Tank
Dual P-47 Rocket Strike
Engineer Squad
M4A1 Sherman Medium Tank
Recon Loiter
Survival Training
Dual P-47 Rocket Strike
Recon Loiter
Dual P-47 Rocket Strike
M8 Greyhound Armored Car
Recon Loiter
Dual P-47 Rocket Strike
RamsHead
Grand.G
0
0

Comments sign in to comment!

No comments posted yet!